 Dungeon Crawl Stone Soup version 0.31-a0-845-g9abc20d24f (webtiles) character file.

Game seed: 14331297612353937083

487891 Flugkiller the Petrodigitator (level 25, -8/140 (175) HPs)
             Began as a Formicid Ice Elementalist on Oct 2, 2023.
             Was the Champion of Hepliaklqana.
             Killed from afar by a shadow dragon (34 damage)
             ... with a bolt of negative energy
             ... on level 1 of the Realm of Zot.
             The game lasted 01:56:57 (51313 turns).

Flugkiller the Petrodigitator (FoIE)               Turns: 51313, Time: 01:56:57

HP:   -8/140 (175)  AC: 18    Str: 15    XL:     25   Next: 91%
MP:   19/49         EV: 17    Int: 40    God:    Hepliaklqana [******]
Gold: 1931          SH: 14    Dex: 14    Spells: 22/69 levels left

rFire   + . .        b - staff "Rosefi" {Int+3 SInv Earth}
rCold   + + .        X - +2 kite shield {AC+3}
rNeg    . . .        j - +2 robe {rC+ rF+}
rPois   .            (helmet unavailable)
rElec   .            Q - +2 cloak {rC+}
rCorr   .            o - +2 pair of gloves
SInv    +            L - +2 pair of boots
Will    ++...        g - amulet of magic regeneration
Stlth   ++           W - +6 ring of intelligence
HPRegen 0.43/turn    C - +6 ring of intelligence
MPRegen 0.71/turn

%: no passive effects
@: studying Shields, heavily drained
A: reduced essence, permanent stasis, dig shafts and tunnels, antennae 3, four
strong arms
}: 3/15 runes: serpentine, barnacled, slimy
a: Dig, Shaft Self, Renounce Religion, Recall Ancestor, Ancestor Identity,
Transference, Idealise


You were on level 1 of the Realm of Zot.
You worshipped Hepliaklqana.
Hepliaklqana was exalted by your worship.
You visited 9 branches of the dungeon, and saw 45 of its levels.
You visited 1 bazaar.
You also visited: Ice Cave.

You collected 5894 gold pieces.
You spent 3963 gold pieces at shops.

Inventory:

Hand Weapons
 a - a +4 vampiric rapier
   (You found it on level 11 of the Dungeon)
 M - the +8 spear of Uncomfortable Rashes {holy, rElec rPois rF+++ Int-2}
   (You found it on level 11 of the Dungeon)

   Int-2:     It affects your intelligence (-2).
   rF+++:     It renders you almost immune to fire.
   rElec:     It insulates you from electricity.
   rPois:     It protects you from poison
Missiles
 t - 17 curare-tipped darts
 E - 9 throwing nets (quivered)
Armour
 j - a +2 robe of resistance (worn)
   (You took it off a merfolk impaler on level 2 of the Shoals)
 k - a +2 cloak of willpower
   (You took it off Crazy Yiuf on level 2 of the Dungeon)
 o - a +2 pair of gloves (worn)
   (You found it on level 3 of the Dungeon)
 I - a +0 buckler of protection
   (You took it off a tengu warrior on level 14 of the Dungeon)
 L - a +2 pair of boots (worn)
   (You found it on level 1 of the Vaults)
 O - the +3 troll leather armour of Mutsum {Will+ Regen+ Str+3}
   (You found it on level 11 of the Dungeon)

   Str+3:     It affects your strength (+3).
   Will+:     It increases your willpower.
   Regen+:    It increases your rate of health regeneration.
 Q - a +2 cloak of cold resistance (worn)
   (You found it in an ice cave)
 X - a +2 kite shield of protection (worn)
   (You took it off a tengu warrior on level 1 of the Depths)
Magical Staves
 b - the staff "Rosefi" (weapon) {Int+3 SInv Earth}
   (You found it on level 5 of the Dungeon)

   [staff of earth]

   Base accuracy: +5 Base damage: 5 Base attack delay: 1.2 This weapon's minimum
   attack delay (0.6) is reached at skill level 12.
   Int+3:     It affects your intelligence (+3).
   SInv:      It lets you see invisible.
   Earth:     It increases the power of your Earth spells.
   It falls into the 'Staves' category.
   It is a weapon for one hand-pair.
Jewellery
 c - a ring of protection from cold
   (You took it off a vault warden on level 1 of the Vaults)
 f - a ring of protection from fire
   (You found it on level 4 of the Shoals)
 g - an amulet of magic regeneration (around neck)
   (You found it on level 1 of the Dungeon)
 p - a ring of protection from fire
   (You took it off an ironbound convoker on level 3 of the Vaults)
 v - a +5 ring of evasion
   (You took it off a draconian knight on level 4 of the Depths)
 B - the ring "Earthly Heaven" {Wiz rC++ rCorr}
   (You found it on level 5 of the Pits of Slime)

   [ring of wizardry]

   Wiz:       It improves your spell success rate.
   rC++:      It greatly protects you from cold.
   rCorr:     It protects you from acid and corrosion.
 C - a +6 ring of intelligence (right hand)
   (You found it on level 10 of the Dungeon)
 T - the ring of Rivvinau {rPois MP+9 Int-5 Dex+2}
   (You found it on level 5 of the Pits of Slime)

   [ring of magical power]

   Int-5:     It affects your intelligence (-5).
   Dex+2:     It affects your dexterity (+2).
   rPois:     It protects you from poison MP+9: It affects your magic capacity
   (+9).
 W - a +6 ring of intelligence (left hand)
   (You found it on level 5 of the Lair of Beasts)
 Z - a +4 ring of protection
   (You bought it in a shop in a bazaar)
Wands
 z - a wand of roots (16)
   (You found it on level 8 of the Dungeon)
 F - a wand of paralysis (58)
   (You took it off an orc on level 8 of the Dungeon)
 H - a wand of quicksilver (13)
   (You found it on level 9 of the Dungeon)
 V - a wand of mindburst (2)
   (You found it on level 5 of the Lair of Beasts)
Scrolls
 r - 13 scrolls of identify
 x - 5 scrolls of vulnerability
 A - 6 scrolls of fear
 D - 3 scrolls of silence
 G - 4 scrolls of revelation
 J - 6 scrolls of poison
 K - 2 scrolls of summoning
 P - 8 scrolls of fog
 S - 3 scrolls of immolation
Potions
 d - 5 potions of might
 h - 8 potions of lignification
 i - 11 potions of enlightenment
 m - 8 potions of mutation
 n - 6 potions of resistance
 q - 18 potions of curing
 u - 5 potions of brilliance
 w - 3 potions of heal wounds
 y - 2 potions of invisibility
 N - 3 potions of cancellation
 R - 4 potions of attraction
 Y - a potion of ambrosia
Miscellaneous
 e - a tin of tremorstones (1/2)
   (You found it on level 12 of the Dungeon)
 l - a phial of floods
   (You found it on level 13 of the Dungeon)
 s - a box of beasts
   (You found it on level 11 of the Dungeon)
 U - a phantom mirror
   (You found it on level 4 of the Lair of Beasts)


   Skills:
 + Level 15.2 Fighting
 - Level 8.9 Armour
 - Level 13.0 Dodging
 - Level 2.4 Stealth
 - Level 12.0 Shields
 - Level 22.5 Spellcasting
 - Level 13.0 Conjurations
 - Level 10.0 Summonings
 - Level 6.0 Transmutations
 - Level 8.0 Ice Magic
 O Level 27 Earth Magic
 - Level 10.0 Invocations
 - Level 10.0 Evocations


You had 22 spell levels left.
You knew the following spells:

 Your Spells              Type           Power      Damage    Failure   Level
a - Freeze                Ice            100%       1d10      1%          1
b - Frozen Ramparts       Ice            100%       1d16      1%          3
c - Ozocubu's Armour      Ice            83%        N/A       1%          3
d - Summon Ice Beast      Ice/Summ       86%        N/A       1%          4
e - Lee's Rapid Deconstr  Erth           78%        3d35*     0%          5
f - Bombard               Conj/Erth      70%        9d11      1%          6
g - Leda's Liquefaction   Hex/Erth       62%        N/A       1%          4
h - Spellforged Servitor  Conj/Summ      47%        N/A       8%          7
i - Irradiate             Conj/Tmut      44%        3d26      1%          5
j - Shatter               Erth           78%        3d57*     1%          9

Your spell library contained the following spells:

 Spells                   Type           Power      Damage    Failure   Level
 Magic Dart               Conj           100%       1d8       0%          1
 Sandblast                Erth           100%       2d20      0%          1
 Summon Small Mammal      Summ           100%       N/A       0%          1
 Passwall                 Tmut/Erth      100%       N/A       0%          2
 Stone Arrow              Conj/Erth      100%       3d13      0%          3
 Brom's Barrelling Bould  Conj/Erth      100%       2d11      0%          4
 Petrify                  Tmut/Erth      100%       N/A       0%          4
 Apportation              Tloc           90%        N/A       1%          1
 Kiss of Death            Conj/Necr      100%       2d13      1%          1
 Necrotise                Necr           100%       1d9       1%          1
 Sting                    Tmut/Pois      100%       1d8       1%          1
 Ensorcelled Hibernation  Hex/Ice        100%       N/A       1%          2
 Jinxbite                 Hex            90%        N/A       1%          2
 Poisonous Vapours        Pois/Air       90%        N/A       1%          2
 Static Discharge         Conj/Air       100%       2-7/arc   1%          2
 Sublimation of Blood     Necr           45%        N/A       1%          2
 Dazzling Flash           Conj/Hex       100%       N/A       1%          3
 Hailstorm                Conj/Ice       91%        3d18      1%          3
 Summon Lightning Spire   Summ/Air       71%        N/A       1%          4
 Arcjolt                  Conj/Air       38%        1d48      1%          5
 Borgnjor's Vile Clutch   Necr/Erth      62%        N/A       1%          5
 Fireball                 Conj/Fire      38%        3d16      1%          5
 Freezing Cloud           Conj/Ice/Air   39%        6-21      1%          5
 Iskenderun's Battlesphe  Conj           99%        2d15      1%          5
 Summon Cactus Giant      Summ           45%        N/A       2%          6
 Confusing Touch          Hex            45%        N/A       3%          3
 Gell's Gravitas          Tloc           45%        N/A       3%          3
 Tukima's Dance           Hex            45%        N/A       3%          3
 Vampiric Draining        Necr           45%        2d9       3%          3
 Summon Forest            Summ/Tloc      35%        N/A       3%          5
 Summon Mana Viper        Hex/Summ       71%        N/A       3%          5
 Alistair's Intoxication  Tmut/Pois      41%        N/A       9%          5
 Yara's Violent Unravell  Hex/Tmut       31%        3d13      9%          5
 Airstrike                Air            22%        2d(4-20)  10%         4
 Anguish                  Hex/Necr       22%        N/A       10%         4
 Cause Fear               Hex            22%        N/A       10%         4
 Dispel Undead            Necr           45%        3d17      10%         4
 Manifold Assault         Tloc           45%        N/A       10%         4
 Olgreb's Toxic Radiance  Pois           45%        N/A       10%         4
 Passage of Golubria      Tloc           45%        N/A       10%         4
 Conjure Ball Lightning   Conj/Air       38%        3x3d12    11%         6
 Agony                    Necr           45%        N/A       28%         5
 Silence                  Hex/Air        22%        N/A       28%         5
 Ozocubu's Refrigeration  Ice            41%        4d16      32%         7
 Eringya's Noxious Bog    Tmut/Pois      31%        4d6       41%         6
 Plasma Beam              Fire/Air       22%        2x1d34    83%         6
 Enfeeble                 Hex            22%        N/A       100%        7
 Discord                  Hex            22%        N/A       100%        8
 Disjunction              Tloc           22%        N/A       100%        8
 Chain Lightning          Conj/Air       38%        3d51      100%        9
 Dragon's Call            Summ           45%        N/A       100%        9
 Fire Storm               Conj/Fire      38%        8d10      100%        9
 Swiftness                Air            Unusable   N/A       N/A         3
 Vhi's Electric Charge    Tloc/Air       Unusable   N/A       N/A         4

Dungeon Overview and Level Annotations

Branches:
Dungeon (15/15) Zot: 24849  Temple (0/1) D:7            Lair (5/5) D:9 Zot: 22678
 Shoals (4/4) Lair:2 Zot: 19094   Snake (4/4) Lair:2 Zot: 19080   Slime (5/5) Lair:5 Zot: 25759
    Orc (2/2) D:9 Zot: 9687     Elf (0/3) Orc:2        Vaults (5/5) D:13 Zot: 24041
  Crypt (0/3) Vaults:2     Depths (4/4) D:15 Zot: 18930     Zot (1/5) Depths:4 Zot: 5910
  IceCv (visited)

Altars:
Ashenzari
Cheibriados
Dithmenos
Fedhas
Hepliaklqana
Kikubaaqudgha
Makhleb
Okawaru
Qazlal
Ru
Sif Muna
Uskayaw
Vehumet
Wu Jian
Yredelemnul
The Shining One
Jiyva

Shops:
D:3 :   D:4 !   D:9 :*   D:11 [[!   Orc:2 :*:!   Shoals:3 [   Snake:2 :=:
Snake:4 ((:*   Vaults:3 (*(   Depths:1 [   Depths:4 [

Portals:
Hell: Depths:1 Depths:2 Depths:3 Depths:4
Abyss: Depths:1 Depths:3 Depths:4
Pandemonium: Depths:2
Ziggurat: Depths:4
Trove: D:12 (give +6 fire dragon scales)

Annotations:
D:4 exclusion: door


Innate Abilities, Weirdness & Mutations

Your life essence is reduced to manifest your ancestor. (-10% HP)
You cannot be hasted, slowed, berserked, paralysed or teleported.
You can dig through walls and to a lower floor.
You have a pair of large antennae on your head. (SInv)
Your four strong arms can wield two-handed weapons with a shield.


Message History

The iron shot hits the red draconian scorcher!!!
The red draconian scorcher dies!
The red draconian breathes fire at you. The searing blast misses you.
Unknown command.
You swap places.
The shadow dragon breathes negative energy at you.
The bolt of negative energy hits you!!
You feel drained.
Your spellforged servitor is engulfed in blazing flames.
Your spellforged servitor points at the shadow dragon and mumbles some strange words.
The iron shot hits the shadow dragon!!!
The white draconian stormcaller mumbles some strange prayers to Qazlal against you.
Qazlal smites you!
The white draconian stormcaller calls down the wrath of Qazlal upon you.
Qazlal smites you!
Unknown command.
You extend your mandibles.
You dig through the rock wall.
You feel drained.
You dig through the rock wall.
You feel drained.
You dig through the rock wall.
You feel drained.
Unknown command.
Something hits your spellforged servitor but does no damage.
Something hits your spellforged servitor!
Something hits your spellforged servitor!!
You hear a roar!
You hear a roar! x2
Something hits your spellforged servitor!
Something hits your spellforged servitor!
Something hits your spellforged servitor!
Something hits your spellforged servitor.
Something hits your spellforged servitor!!
Your spellforged servitor is destroyed!
Your spellforged servitor disappears in a puff of smoke!
You hear a roar!
Casting: Bombard (safe; 1% risk of failure)
Confirm with . or Enter, or press ? or * to list all spells.
Aiming: Bombard (safe; 1% risk of failure)
Press: ? - help, Shift-Dir - straight line, f - red draconian
Aim: a red draconian, wielding a +0 halberd (grey smoke, 82% to hit)
You feel a surge of power!
The iron shot hits the red draconian!!!
The red draconian is heavily wounded.
The red draconian hits you with a +0 halberd!
You retract your mandibles.
You hit the red draconian but do no damage.
You shatter the red draconian!
The red draconian is heavily wounded.
The red draconian breathes fire at you. The searing blast hits you! You resist.
The red draconian breathes fire at you. The searing blast hits you! You resist.
You hear a roar!
You hit the red draconian but do no damage.
You shatter the red draconian!!
The red draconian is severely wounded.
You are engulfed in blazing flames.
You resist.
The red draconian hits you with a +0 halberd.
Casting: Bombard (safe; 1% risk of failure)
Confirm with . or Enter, or press ? or * to list all spells.
Aiming: Bombard (safe; 1% risk of failure)
Press: ? - help, Shift-Dir - straight line, f/p - red draconian
Aim: a red draconian, wielding a +0 halberd (severely wounded, catching its breath, 82% to hit)
You feel a surge of power!
The iron shot hits the red draconian!!!
You kill the red draconian!
You are engulfed in blazing flames.
You resist.
You feel much better.
You are engulfed in blazing flames.
You resist.
The white draconian stormcaller mumbles some strange prayers to Qazlal against you.
Qazlal smites you!
Casting: Bombard (safe; 1% risk of failure)
Confirm with . or Enter, or press ? or * to list all spells.
Aiming: Bombard (safe; 1% risk of failure)
Press: ? - help, Shift-Dir - straight line, f - white draconian stormcaller
Aim: a white draconian stormcaller, wielding a +0 rapier and wearing a +0 cloak (82% to hit)
You feel a surge of power!
The iron shot hits the white draconian stormcaller!!!
The white draconian stormcaller is heavily wounded.
You are engulfed in blazing flames.
You resist.
* * * LOW HITPOINT WARNING * * *
The white draconian stormcaller hits you with a +0 rapier.
* * * LOW HITPOINT WARNING * * *
Casting: Bombard (safe; 1% risk of failure)
Confirm with . or Enter, or press ? or * to list all spells.
Aiming: Bombard (safe; 1% risk of failure)
Press: ? - help, Shift-Dir - straight line, f/p - white draconian stormcaller
Aim: a white draconian stormcaller, wielding a +0 rapier and wearing a +0 cloak (heavily wounded, 82% to hit)
You feel a surge of power!
The iron shot hits the white draconian stormcaller!!!
You kill the white draconian stormcaller!
You are engulfed in blazing flames.
You resist.
* * * LOW HITPOINT WARNING * * *
You feel much better.
You are engulfed in blazing flames.
You resist.
* * * LOW HITPOINT WARNING * * *
The shadow dragon breathes negative energy at you.
The bolt of negative energy hits you!!
You feel drained.
* * * LOW HITPOINT WARNING * * *
You hear a roar!
You feel much better.
You are engulfed in blazing flames.
You resist.
* * * LOW HITPOINT WARNING * * *
The shadow dragon breathes negative energy at you.
The bolt of negative energy hits you!!
You feel drained.
You die...

### #### #@## ##...
##D##########
###....###{###.../....
..........{{..........
........{(.{)....##
........#...#....#
###.....#####....#
#....{### #....#
#...##{.###..).######


You could see a shadow dragon (catching breath).

Vanquished Creatures
  the Royal Jelly (Slime:5)
  Frederick (Vaults:4)
  Bai Suzhen (Shoals:4)
  Saint Roka (Snake:3)
  A bone dragon (Depths:4)
  Jory (Vaults:4)
  Zenata (Vaults:3)
  3 liches
  2 walking earthen tomes (Depths:3)
  A titan (Vaults:4)
  A walking frostbound tome (Depths:3)
  A quicksilver dragon (Depths:3)
  12 acid blobs
  A death cob (Zot:1)
  2 storm dragons
  Kirke (D:15)
  Aizul (Snake:1)
  2 tengu reavers
  2 shadow dragons (Depths:3)
  7 rockslimes (Slime:5)
  A draconian knight (Zot:1)
  7 azure jellies
  A daeva (Depths:4)
  8 fire giants
  8 frost giants
  Roxanne (Shoals:2)
  11 vault wardens
  The ghost of YaeFeet the Brawler, a journeyman TrSh of Wu Jian (Lair:5)
  2 draconian stormcallers
  11 ironbound preservers
  A quicksilver ooze (shapeshifter) (Depths:3)
  A formless jellyfish (Slime:4)
  2 orc warlords (Orc:2)
  10 stone giants
  3 war gargoyles
  6 ironbound thunderhulks
  9 very ugly things
  8 quicksilver oozes (Slime:5)
  3 spriggan defenders
  A black draconian (Depths:4)
  A white draconian (Depths:4)
  A deep elf annihilator (Vaults:3)
  A vampire knight (Depths:3)
  5 dire elephants
  A spark wasp (Depths:2)
  2 red draconians
  9 ettins
  A deep elf death mage (Vaults:1)
  11 merfolk impalers
  4 fire dragons
  A crystal guardian (Vaults:1)
  3 entropy weavers
  A jiangshi (Depths:4)
  9 yaktaur captains
  Fannar (Lair:3)
  A deep elf high priest (Vaults:3)
  30 vault guards
  The ghost of Ge0ff the Thaumaturge, a journeyman OpCA of Ignis (D:11)
  6 merfolk javelineers
  9 great orbs of eyes
  4 peacekeepers
  3 rakshasas
  8 hydras
  3 ironbound frosthearts
  Erolcha (Orc:1)
  An ogre mage (Vaults:3)
  7 ice dragons
  5 spriggan air magi
  9 anacondas
  6 two-headed ogres
  17 centaur warriors
  4 merfolk aquamancers
  6 boulder beetles
  2 alligator snapping turtles
  4 merfolk avatars
  Erica (D:9)
  3 catoblepae
  3 deep troll shamans
  2 tengu warriors
  2 satyrs (Shoals:3)
  5 deep troll earth magi
  2 vampire magi (Depths:4)
  9 naga warriors
  3 orc high priests (Orc:2)
  11 death yaks
  5 spriggan berserkers
  6 naga sharpshooters (Snake:4)
  4 shock serpents (Snake:4)
  13 hell knights
  5 iron trolls
  A soul eater (Depths:2)
  9 skysharks
  8 sea snakes
  Lodul (D:13)
  10 skeletal warriors
  3 salamander mystics (Snake:4)
  A shadow demon (Depths:2)
  41 deep trolls
  A flayed ghost (D:13)
  A sea snake (shapeshifter) (Depths:2)
  4 naga ritualists
  An orange crystal statue (D:14)
  14 wizards
  A tengu zombie (Vaults:2)
  A deep elf archer (D:13)
  3 glowing orange brains
  8 ironbound convokers
  2 orc knights (Orc:2)
  16 harpies
  5 necromancers
  5 deep elf pyromancers
  17 lindwurms
  8 mana vipers
  8 orc sorcerers
  15 manticores
  28 ugly things
  17 cyclopes
  5 fauns
  7 merfolk sirens
  16 salamanders
  14 vault sentinels
  23 black mambas
  A black mamba (shapeshifter) (D:11)
  An eye of devastation (Slime:5)
  6 guardian serpents
  10 naga magi
  12 elephants
  7 water nymphs
  An ice statue (IceCv)
  3 cane toads
  5 gargoyles
  A torpor snail (shapeshifter) (Depths:3)
  12 komodo dragons
  3 unseen horrors
  5 rime drakes
  26 yaktaurs
  An efreet (D:13)
  A yaktaur skeleton (Vaults:2)
  A red devil (Depths:2)
  16 merfolk
  4 tengu conjurers
  A polar bear (shapeshifter) (D:14)
  A hellwing (Depths:2)
  7 trolls
  4 polar bears
  4 wind drakes
  5 hornets
  25 blink frogs
  A deep troll zombie (Vaults:2)
  10 snapping turtles
  59 slime creatures
  Sigmund (D:5)
  2 wraiths
  A ynoxinul (Depths:2)
  44 yaks
  4 spriggans (Depths:4)
  3 wyverns
  Eustachio (D:5)
  12 water elementals
  2 basilisks
  A vampire (D:11)
  4 hogs (D:15)
  12 humans (D:13)
  2 steam dragons
  3 redbacks (Vaults:2)
  8 wargs
  5 acid dragons
  30 nagas
  14 water moccasins
  A floating eye (shapeshifter) (Vaults:2)
  2 floating eyes
  38 orc warriors
  2 black bears
  2 human zombies (Vaults:2)
  24 ogres
  7 wolves
  3 boggarts (D:15)
  6 centaurs
  2 kobold brigands
  A scorpion (D:4)
  6 bullfrogs
  5 wights
  A howler monkey (D:11)
  3 hounds
  6 jellies
  21 orc priests
  Crazy Yiuf (D:2)
  5 iguanas
  12 orc wizards
  A mummy (D:4)
  2 gnolls (D:8)
  9 adders
  An ufetubus (D:4)
  3 dart slugs
  57 orcs
  7 ball pythons
  2 bats
  9 endoplasms
  5 giant cockroaches
  6 goblins
  7 hobgoblins
  9 jackals
  14 kobolds
  7 quokkas
  4 frilled lizards
  7 rats
1364 creatures vanquished.

Vanquished Creatures (collateral kills)
  Mennas (Vaults:3)
  A juggernaut (Depths:3)
  2 golden dragons
  A tentacled monstrosity (Zot:1)
  2 sphinxes
  A quicksilver dragon (Depths:2)
  3 acid blobs (Slime:5)
  A shadow dragon (Depths:4)
  Polyphemus (Shoals:2)
  A death cob (Zot:1)
  Donald (Vaults:4)
  Ilsuiw (Shoals:2)
  A tengu reaver (Vaults:4)
  A storm dragon (Depths:4)
  2 rockslimes
  A draconian knight (Depths:4)
  A fenstrider witch (shapeshifter) (Depths:3)
  2 vault wardens
  A frost giant (Depths:3)
  Louise (Shoals:2)
  2 draconian scorchers (Zot:1)
  A draconian stormcaller (Zot:1)
  3 quicksilver oozes
  5 very ugly things
  An orc warlord (Vaults:2)
  2 ironbound thunderhulks
  4 stone giants
  A stone giant (shapeshifter) (Depths:3)
  2 ironbound preservers
  A red draconian (Zot:1)
  3 dire elephants
  A yellow draconian (Depths:4)
  A spark wasp (Depths:2)
  A merfolk javelineer (Shoals:2)
  5 fire dragons
  3 ettins
  A jiangshi (Depths:4)
  4 merfolk impalers
  3 yaktaur captains
  A hydra (D:11)
  5 great orbs of eyes
  3 ice dragons
  2 salamander tyrants (Snake:4)
  A merfolk avatar (Shoals:3)
  A centaur warrior (Vaults:1)
  4 vault guards
  A spriggan air mage (Depths:2)
  3 anacondas
  A merfolk aquamancer (Shoals:1)
  3 two-headed ogres
  2 naga warriors
  A death scarab (Depths:1)
  3 deep troll shamans
  4 tengu warriors
  A satyr (Shoals:3)
  3 death yaks
  4 shock serpents (Snake:4)
  2 vampire magi
  An orc high priest (Orc:2)
  A naga sharpshooter (Snake:4)
  Nergalle (D:11)
  2 skysharks
  A spriggan (Depths:4)
  A hell knight (Vaults:3)
  An iron troll (Depths:2)
  3 salamander mystics (Snake:4)
  7 sea snakes
  A wizard (Depths:1)
  8 deep trolls
  3 flayed ghosts
  4 harpies
  2 naga ritualists
  6 lindwurms
  2 orc knights
  A mana viper (Snake:4)
  A shining eye (Slime:4)
  An orc sorcerer (Orc:2)
  11 ugly things
  8 cyclopes
  3 manticores
  A salamander (Snake:4)
  6 fauns
  2 merfolk sirens (Shoals:4)
  3 guardian serpents
  13 black mambas
  2 eyes of devastation
  9 elephants
  2 vault sentinels
  7 cane toads
  2 water nymphs
  A naga mage (Snake:4)
  A torpor snail (Lair:4)
  2 unseen horrors
  3 gargoyles
  4 rime drakes (IceCv)
  A tengu conjurer (D:15)
  A kobold demonologist (D:12)
  2 komodo dragons
  6 yaktaurs
  2 trolls
  12 merfolk
  2 polar bears
  2 hornets (Depths:4)
  A wind drake (Shoals:4)
  Prince Ribbit (Lair:3)
  5 blink frogs
  A snapping turtle (Shoals:3)
  A snapping turtle (shapeshifter) (D:13)
  Grinder (D:5)
  4 dream sheep (Shoals:2)
  53 slime creatures
  7 water elementals
  4 basilisks
  25 yaks
  8 humans (D:13)
  A steam dragon (D:7)
  3 vampire mosquitoes
  7 nagas
  2 wargs
  12 water moccasins
  A floating eye (Depths:4)
  An ice beast (D:6)
  10 orc warriors
  A black bear (D:9)
  5 ogres
  4 wolves
  A centaur (D:9)
  2 phantoms
  2 kobold brigands
  2 gnoll sergeants
  8 bullfrogs
  2 scorpions
  10 wights
  An electric eel (Vaults:3)
  A howler monkey (D:6)
  A hound (D:6)
  2 jellies
  9 orc priests
  2 sleepcaps
  5 orc wizards
  An adder (D:6)
  A gnoll (D:8)
  A shadow imp (D:7)
  2 white imps (D:6)
  A worm (D:5)
  49 orcs
  11 kobolds
542 creatures vanquished.

Vanquished Creatures (others)
  A water nymph (Shoals:4)
  2 humans (D:15)
  48 battlemagi
  4 ancestors (D:5)
55 creatures vanquished.

Grand Total: 1961 creatures vanquished

Notes
Turn   | Place    | Note
-------+----------+-------------------------------------------
     0 | D:1      | Flugkiller the Formicid Ice Elementalist began the quest
                  | for the Orb.
     0 | D:1      | Reached XP level 1. HP: 13/13 MP: 3/3
   203 | D:1      | Reached skill level 1 in Fighting
   203 | D:1      | Reached XP level 2. HP: 21/21 MP: 1/5
   511 | D:1      | Reached XP level 3. HP: 21/26 MP: 1/7
   726 | D:2      | Found a faded altar of an unknown god.
   790 | D:2      | Found a runed translucent door.
   791 | D:2      | Noticed Crazy Yiuf
   948 | D:2      | Reached XP level 4. HP: 31/32 MP: 6/8
   996 | D:2      | Reached skill level 5 in Ice Magic
  1616 | D:2      | Learned a level 3 spell: Frozen Ramparts
  1628 | D:2      | Killed Crazy Yiuf
  1629 | D:2      | Reached XP level 5. HP: 22/37 MP: 5/9
  1746 | D:3      | Found a snail-covered altar of Cheibriados.
  1799 | D:3      | Found Hunet's Book Emporium.
  1969 | D:3      | Found a hazy altar of Hepliaklqana.
  2103 | D:3      | Became a worshipper of Hepliaklqana the Forgotten
  2461 | D:4      | Found a burning altar of Makhleb.
  2483 | D:4      | Reached XP level 6. HP: 32/44 MP: 6/12
  2884 | D:4      | Reached XP level 7. HP: 33/49 MP: 5/13
  3015 | D:4      | Found Vowoy's Distillery.
  3024 | D:4      | Bought a potion of heal wounds for 50 gold pieces
  3098 | D:4      | Found a glowing golden altar of the Shining One.
  3241 | D:5      | Entered Level 5 of the Dungeon
  3257 | D:5      | Noticed Eustachio
  3278 | D:5      | Killed Eustachio
  3355 | D:5      | Reached * piety under Hepliaklqana
  3399 | D:5      | Noticed a water moccasin
  3402 | D:5      | Noticed Grinder
  3408 | D:5      | Killed a water moccasin
  3423 | D:5      | Reached XP level 8. HP: 46/54 MP: 4/14
  3748 | D:5      | Reached skill level 5 in Dodging
  3835 | D:5      | Found a shimmering blue altar of Sif Muna.
  3931 | D:5      | Killed Grinder
  3932 | D:5      | Reached skill level 5 in Spellcasting
  3989 | D:5      | Reached skill level 1 in Summonings
  4015 | D:5      | Identified the staff "Rosefi" {Int+3 SInv Earth}
  4022 | D:5      | Learned a level 4 spell: Summon Ice Beast
  4059 | D:5      | Learned a level 3 spell: Ozocubu's Armour
  4207 | D:5      | Noticed Sigmund
  4218 | D:5      | Killed Sigmund
  4219 | D:5      | Reached XP level 9. HP: 58/58 MP: 12/16
  4503 | D:6      | Reached ** piety under Hepliaklqana
  4504 | D:6      | Remembered your ancestor Lici as a battlemage
  4520 | D:6      | Reached skill level 5 in Summonings
  4929 | D:7      | Found a staircase to the Ecumenical Temple.
  5063 | D:7      | Found a broken altar of Ashenzari.
  5273 | D:7      | Found a shadowy altar of Dithmenos.
  5315 | D:7      | Reached *** piety under Hepliaklqana
  5360 | D:7      | Reached skill level 1 in Earth Magic
  5493 | D:7      | Reached XP level 10. HP: 40/65 MP: 13/20
  5561 | D:7      | Reached skill level 2 in Earth Magic
  5981 | D:8      | Reached skill level 5 in Invocations
  5986 | D:8      | Reached skill level 5 in Fighting
  5986 | D:8      | Reached skill level 3 in Earth Magic
  6220 | D:8      | Found an ancient bone altar of Kikubaaqudgha.
  6279 | D:8      | Reached **** piety under Hepliaklqana
  6539 | D:9      | Noticed a +0 dagger
  6539 | D:9      | Found a hide-covered altar of Uskayaw.
  6548 | D:9      | Noticed a +0 dagger
  6593 | D:9      | Found a staircase to the Lair.
  6608 | D:9      | Reached skill level 4 in Earth Magic
  6664 | D:9      | Found Geocoim's Tiny Tomes.
  6678 | D:9      | Found a stormy altar of Qazlal.
  6687 | D:9      | Found an iron altar of Okawaru.
  6764 | D:9      | Reached skill level 5 in Earth Magic
  6765 | D:9      | Reached XP level 11. HP: 38/72 MP: 7/21
  6948 | D:9      | Noticed a two-headed ogre
  6968 | D:9      | Killed a two-headed ogre
  6969 | D:9      | Reached skill level 6 in Earth Magic
  7222 | D:9      | Noticed Erica
  7244 | D:9      | Killed Erica
  7284 | D:9      | Found Qugg's General Store.
  7343 | D:9      | Reached ***** piety under Hepliaklqana
  7361 | D:9      | Found an ornate altar of the Wu Jian Council.
  7484 | D:9      | Reached skill level 7 in Earth Magic
  7566 | D:9      | Found a staircase to the Orcish Mines.
  7635 | D:10     | Entered Level 10 of the Dungeon
  7750 | D:10     | Identified the +5 scale mail of Vuone {MP+9}
  7951 | D:10     | Reached skill level 1 in Evocations
  7976 | D:10     | Found a blossoming altar of Fedhas.
  8023 | D:10     | Found a radiant altar of Vehumet.
  8276 | D:10     | Learned a level 5 spell: Lee's Rapid Deconstruction
  8442 | D:10     | Found a sacrificial altar of Ru.
  8785 | D:11     | Noticed a cyclops
  8836 | D:11     | Noticed an ettin
  8838 | D:11     | Killed a cyclops
  8839 | D:11     | Reached XP level 12. HP: 82/82 MP: 6/22
  8842 | D:11     | Killed an ettin
  8843 | D:11     | Reached skill level 8 in Earth Magic
  9206 | D:11     | Noticed a two-headed ogre
  9213 | D:11     | Noticed a two-headed ogre
  9215 | D:11     | Killed a two-headed ogre
  9215 | D:11     | HP: 1/82 [cyclops/large rock (40)]
  9230 | D:11     | Reached skill level 9 in Earth Magic
  9230 | D:11     | Killed a two-headed ogre
  9231 | D:11     | Reached skill level 5 in Evocations
  9660 | D:11     | Noticed a two-headed ogre
  9701 | D:11     | Killed a two-headed ogre
  9718 | D:11     | Reached skill level 10 in Earth Magic
 10068 | D:11     | Found Guuw Lyi's Distillery.
 10082 | D:11     | Bought a potion of invisibility for 120 gold pieces
 10082 | D:11     | Bought a potion of invisibility for 120 gold pieces
 10098 | D:11     | Reached skill level 11 in Earth Magic
 10101 | D:11     | Found Resueqom's Antique Armour Boutique.
 10129 | D:11     | Noticed a two-headed ogre
 10129 | D:11     | Noticed a centaur warrior
 10152 | D:11     | Reached XP level 13. HP: 38/88 MP: 13/23
 10163 | D:11     | Killed a centaur warrior
 10164 | D:11     | Reached skill level 12 in Earth Magic
 10503 | D:11     | Found Onicseu's Antique Armour Shoppe.
 10507 | D:11     | Found a runed translucent gate.
 10508 | D:11     | Found a runed translucent gate.
 10509 | D:11     | Found a runed translucent gate.
 10509 | D:11     | Noticed Ge0ff's ghost (journeyman OpCA)
 10509 | D:11     | Noticed a 12-headed hydra
 10509 | D:11     | Noticed an 11-headed hydra
 10804 | D:11     | Noticed Nergalle
 10811 | D:11     | Killed Nergalle
 10953 | D:11     | Noticed a six-headed hydra
 10957 | D:11     | Killed a six-headed hydra
 10958 | D:11     | Reached skill level 10 in Spellcasting
 10959 | D:11     | Identified the +4 shortbow of Popular Demand {drain, rN++
                  | rCorr Dex-5 SInv}
 11624 | D:11     | Noticed an ettin
 11627 | D:11     | Noticed an ettin
 12103 | D:11     | Killed an ettin
 12334 | D:12     | Reached skill level 13 in Earth Magic
 12566 | D:11     | Noticed a stone giant
 12573 | D:11     | Killed a stone giant
 12611 | D:11     | Identified the +8 spear of Uncomfortable Rashes {holy,
                  | rElec rPois rF+++ Int-2}
 12636 | D:11     | Identified the +3 troll leather armour of Mutsum {Will+
                  | Regen+ Str+3}
 12824 | D:11     | Killed Ge0ff's ghost
 12833 | D:11     | Killed an 11-headed hydra
 12833 | D:11     | Killed a 12-headed hydra
 12834 | D:11     | Reached XP level 14. HP: 79/94 MP: 0/29
 12979 | D:11     | Identified the +1 broad axe "Cueximo" {venom, *Noise rElec
                  | rC- Int+7}
 13079 | Lair:1   | Entered Level 1 of the Lair of Beasts
 13508 | Lair:1   | Reached skill level 14 in Earth Magic
 13648 | Lair:1   | Learned a level 6 spell: Bombard
 13653 | Lair:1   | Learned a level 4 spell: Leda's Liquefaction
 14130 | Lair:2   | Reached skill level 1 in Conjurations
 14640 | Lair:2   | Reached skill level 15 in Earth Magic
 14814 | Lair:2   | Found a staircase to the Snake Pit.
 15042 | Lair:2   | Found a staircase to the Shoals.
 15433 | Lair:3   | Noticed Prince Ribbit
 15440 | Lair:3   | Killed Prince Ribbit
 15634 | Lair:3   | Found a frozen archway.
 15634 | Lair:3   | Reached ****** piety under Hepliaklqana
 15667 | IceCv    | Entered an ice cave
 15869 | IceCv    | Reached skill level 5 in Conjurations
 15967 | IceCv    | Reached skill level 16 in Earth Magic
 16216 | IceCv    | Reached XP level 15. HP: 99/99 MP: 11/31
 16542 | IceCv    | Noticed a frost giant
 16555 | IceCv    | Killed a frost giant
 16857 | Lair:3   | Noticed Fannar
 16868 | Lair:3   | Killed Fannar
 16970 | Lair:3   | Identified the +2 spear of Friendship {protect, Will+++
                  | rCorr Dex-3 SInv}
 18261 | Lair:4   | Reached skill level 10 in Conjurations
 19546 | Lair:5   | Entered Level 5 of the Lair of Beasts
 19700 | Lair:5   | Found a staircase to the Slime Pits.
 19713 | Lair:5   | Found a viscous altar of Jiyva.
 19874 | Lair:5   | Found a runed translucent door.
 19894 | Lair:5   | Reached XP level 16. HP: 105/105 MP: 3/32
 20017 | Lair:5   | Noticed YaeFeet's ghost (journeyman TrSh)
 20070 | Lair:5   | Reached skill level 17 in Earth Magic
 20742 | Lair:5   | Killed YaeFeet's ghost
 20753 | Lair:5   | Got a droning book
 21211 | D:12     | Found a portal to a secret trove of treasure.
 21899 | D:13     | Noticed Lodul
 21901 | D:13     | Killed Lodul
 22214 | D:13     | Reached skill level 18 in Earth Magic
 22252 | D:13     | Found a transporter.
 22270 | D:13     | Found a transporter.
 22434 | D:13     | Found a viscous altar of Jiyva.
 22993 | D:13     | Found a gate to the Vaults.
 23565 | D:14     | Reached XP level 17. HP: 111/111 MP: 25/35
 24340 | D:15     | Entered Level 15 of the Dungeon
 24557 | D:15     | Noticed Kirke
 24559 | D:15     | Killed Kirke
 24837 | D:15     | Reached skill level 19 in Earth Magic
 24996 | D:15     | Found a staircase to the Depths.
 25240 | Orc:1    | Entered Level 1 of the Orcish Mines
 25490 | Orc:1    | Noticed Erolcha
 25493 | Orc:1    | Killed Erolcha
 25569 | Orc:2    | Entered Level 2 of the Orcish Mines
 25583 | Orc:2    | Reached skill level 10 in Dodging
 25968 | Orc:2    | Reached skill level 10 in Invocations
 26037 | Orc:2    | Found Hiec's Distillery.
 26072 | Orc:2    | Bought a potion of cancellation for 128 gold pieces
 26072 | Orc:2    | Bought a potion of invisibility for 128 gold pieces
 26072 | Orc:2    | Bought a potion of resistance for 160 gold pieces
 26115 | Orc:2    | Found Zires's Book Shop.
 26406 | Orc:2    | Reached skill level 10 in Fighting
 26407 | Orc:2    | Found Okhi's General Store.
 26702 | Orc:2    | Found Gaomp's Book Boutique.
 27046 | Orc:2    | Identified the amulet "Fang" {Spirit Regen+ Stlth+}
 27184 | Orc:2    | Found a staircase to the Elven Halls.
 27321 | Orc:2    | Learned a level 5 spell: Irradiate
 27493 | Snake:1  | Entered Level 1 of the Snake Pit
 27509 | Snake:1  | Reached XP level 18. HP: 122/122 MP: 24/36
 27616 | Snake:1  | Noticed Aizul
 27622 | Snake:1  | Killed Aizul
 27623 | Snake:1  | Reached skill level 1 in Transmutations
 28462 | Snake:2  | Found Qames's Book Shoppe.
 28463 | Snake:2  | Found Seylleubbi's Jewellery Shop.
 28464 | Snake:2  | Found Quonilij's Book Shoppe.
 28814 | Orc:2    | Bought a manual of Spellcasting for 880 gold pieces
 29050 | Snake:2  | Bought a book of Annihilations for 780 gold pieces
 29922 | Snake:3  | Noticed Saint Roka
 29947 | Snake:3  | Killed Saint Roka
 30464 | Snake:3  | Found a blossoming altar of Fedhas.
 30705 | Snake:4  | Entered Level 4 of the Snake Pit
 30728 | Snake:4  | Found Dofi's Book Boutique.
 30980 | Snake:4  | Reached skill level 20 in Earth Magic
 31052 | Snake:4  | Found Goolaab's Assorted Antiques.
 31052 | Snake:4  | Found Alaush's Antique Weapon Shop.
 31056 | Snake:4  | Found Usiqappag's Antique Weapon Shop.
 31110 | Snake:4  | Bought a book of Power for 756 gold pieces
 31118 | Snake:4  | Learned a level 7 spell: Spellforged Servitor
 31501 | Snake:4  | Reached skill level 15 in Spellcasting
 31624 | Snake:4  | Reached skill level 5 in Transmutations
 31624 | Snake:4  | Reached XP level 19. HP: 128/128 MP: 24/38
 31828 | Snake:4  | Reached skill level 10 in Evocations
 32425 | Snake:4  | Got a serpentine rune of Zot
 32763 | Shoals:1 | Entered Level 1 of the Shoals
 33632 | Shoals:2 | Noticed Ilsuiw
 33715 | Shoals:2 | Noticed Polyphemus
 33811 | Shoals:2 | Killed Polyphemus
 33812 | Shoals:2 | Reached skill level 21 in Earth Magic
 34040 | Shoals:2 | Noticed Roxanne
 34042 | Shoals:2 | Killed Roxanne
 34235 | Shoals:2 | Killed Ilsuiw
 34275 | Shoals:2 | Reached XP level 20. HP: 110/135 MP: 15/41
 35014 | Shoals:3 | Found Ystifoj's Antique Armour Boutique.
 35063 | Shoals:2 | Noticed Louise
 35067 | Shoals:2 | Killed Louise
 35937 | Shoals:4 | Entered Level 4 of the Shoals
 36016 | Shoals:4 | Noticed Bai Suzhen
 36021 | Shoals:4 | Killed Bai Suzhen
 36207 | Shoals:4 | Reached skill level 22 in Earth Magic
 36375 | Shoals:4 | Got a barnacled rune of Zot
 36398 | Shoals:4 | Identified the +0 ring mail of Salu Meu {Drain rN+++ Slay-2
                  | SInv}
 36583 | Shoals:4 | Got a parchment book
 37141 | Shoals:4 | Learned a level 9 spell: Shatter
 37392 | Vaults:1 | Entered Level 1 of the Vaults
 37395 | Vaults:1 | Reached XP level 21. HP: 140/140 MP: 26/44
 37733 | Vaults:1 | Reached skill level 23 in Earth Magic
 38478 | Vaults:1 | Identified the +4 short sword of Noon {elec, rElec rCorr}
 38479 | Vaults:1 | Identified the +7 dagger "Ubru" {venom, rElec Dex+2 SInv}
 38570 | Vaults:1 | Identified the staff "Keel" {*Corrode rElec rC+ Str+5 SInv
                  | Air}
 38896 | Vaults:2 | Reached skill level 24 in Earth Magic
 39649 | Vaults:2 | Found a staircase to the Crypt.
 39649 | Vaults:2 | Found a basalt altar of Yredelemnul.
 39649 | Vaults:2 | Found an ancient bone altar of Kikubaaqudgha.
 39691 | Vaults:2 | Reached skill level 25 in Earth Magic
 39899 | Vaults:2 | Reached XP level 22. HP: 146/146 MP: 37/46
 40292 | Vaults:3 | Found Xaply's Antique Weapon Shop.
 40407 | Vaults:3 | Found Biarr's Weapon Shop.
 40465 | Vaults:3 | Found a flickering gateway to a bazaar.
 40474 | Bazaar   | Entered a bazaar
 40474 | Bazaar   | Found Pihefik's Antique Weapon Shop.
 40474 | Bazaar   | Found Asoaf's General Store.
 40504 | Bazaar   | Found Cunlois's Jewellery Boutique.
 40512 | Bazaar   | Found Gozacog's Magic Scroll Boutique.
 40520 | Bazaar   | Bought a scroll of enchant armour for 90 gold pieces
 40523 | Bazaar   | Found Neosazij's Antique Armour Emporium.
 40531 | Bazaar   | Bought a fading cloak for 247 gold pieces
 40531 | Bazaar   | Identified the +0 cloak of Onwyvuyf {rPois Dex-5 Slay+3}
                  | (You bought it in a shop in a bazaar)
 40546 | Bazaar   | Bought a +4 ring of protection for 504 gold pieces
 40581 | Vaults:3 | Reached skill level 26 in Earth Magic
 40635 | Vaults:3 | Noticed Mennas
 40643 | Vaults:3 | Killed Mennas
 40850 | Vaults:3 | Found Bacsaghih's Assorted Antiques.
 41061 | Vaults:3 | Noticed Zenata
 41067 | Vaults:3 | Killed Zenata
 41080 | Vaults:3 | Reached skill level 27 in Earth Magic
 41875 | Vaults:4 | Noticed Frederick
 41878 | Vaults:4 | Killed Frederick
 41944 | Vaults:4 | Noticed Donald
 41945 | Vaults:4 | Killed Donald
 42107 | Vaults:4 | Noticed Jory
 42132 | Vaults:4 | Killed Jory
 42133 | Vaults:4 | Reached XP level 23. HP: 153/153 MP: 30/47
 43402 | Vaults:5 | Entered Level 5 of the Vaults
 43775 | Depths:1 | Entered Level 1 of the Depths
 43907 | Depths:1 | Found a one-way gate to the infinite horrors of the Abyss.
 44314 | Depths:1 | Found a gateway to Hell.
 44445 | Depths:1 | Found Perseus's Dragon-Slaying Spoils.
 44840 | Depths:2 | Noticed a juggernaut
 44955 | Depths:2 | Reached XP level 24. HP: 166/166 MP: 45/48
 45333 | Depths:2 | Found a one-way gate leading to the halls of Pandemonium.
 45665 | Depths:3 | Reached skill level 15 in Fighting
 45759 | Depths:3 | Killed a juggernaut
 45878 | Depths:3 | Noticed a golden dragon
 45887 | Depths:3 | Killed a golden dragon
 46101 | Depths:3 | Reached skill level 1 in Shields
 46109 | Depths:3 | Reached skill level 1 in Armour
 46555 | Depths:3 | Identified the +2 longbow "Seppe" {freeze, rF- Str+6}
 46777 | Depths:3 | Got a tattered book
 47148 | Depths:4 | Entered Level 4 of the Depths
 47174 | Depths:4 | Reached skill level 5 in Shields
 47374 | Depths:4 | Reached skill level 5 in Armour
 47374 | Depths:4 | Reached XP level 25. HP: 150/173 MP: 41/49
 47418 | Depths:4 | Identified the +9 trident of Kufapick {flame, *Slow +Blink
                  | rCorr}
 47623 | Depths:4 | Found a one-way gateway to a ziggurat.
 47855 | Depths:4 | Found Nejiceg's Armour Boutique.
 48132 | Depths:4 | Found a gate to the Realm of Zot.
 48629 | Slime:1  | Entered Level 1 of the Pits of Slime
 48817 | Slime:5  | Entered Level 5 of the Pits of Slime
 48861 | Slime:5  | Noticed the Royal Jelly
 48868 | Slime:5  | Killed the Royal Jelly
 49037 | Slime:5  | Reached skill level 10 in Shields
 49395 | Slime:5  | Identified the +6 hand axe "Dozele" {freeze, Dex+3 Stlth+}
 49467 | Slime:5  | Got a slimy rune of Zot
 49469 | Slime:5  | Identified the ring "Earthly Heaven" {Wiz rC++ rCorr}
 49471 | Slime:5  | Identified the +0 plate armour of the Oni {MP-9 Str+4
                  | Int+8}
 49476 | Slime:5  | Identified the ring of Rivvinau {rPois MP+9 Int-5 Dex+2}
 50354 | Zot:1    | Entered Level 1 of the Realm of Zot
 51268 | Zot:1    | Reached skill level 10 in Summonings
 51312 | Zot:1    | HP: 5/149 [shadow dragon/bolt of negative energy (29)]
 51313 | Zot:1    | Killed from afar by a shadow dragon

Illustrated notes

Levels and vault maps discovered:
D:1:      wander_arrival_lonely_grave, layout_rooms, st_stairs_9
D:2:      cheibrodos_helix_gallery, layout_loops_ring,
          dilly_ecumenical_altar_fadedgnrine, uniq_crazy_yiuf_cottage
D:3:      minmay_evil_eye, layout_rooms, cheibriados_altar_1,
          worldfamousw_hep_ancestral_shrine, serial_shops,
          nicolae_shop_tiny_waterfront
D:4:      layout_loops_ring, makhleb_heckhound_becter, tso_oasis_becter,
          lemuel_mausoleum_altar_yredelemnul, serial_shops,
          nicolae_lakefront_shop, serial_park_tiny_1,
          amcnicky_mini_corridor_feature
D:5:      layout_basic, amcnicky_altar_gilded, uniq_eustachio, uniq_grinder,
          uniq_sigmund
D:6:      layout_cave_pools
D:7:      layout_cave_pods, nicolae_overflow_hidden_temple,
          nicolae_dithmenos_shadow_blocks, minmay_temple_entry_gardened_gates
D:8:      layout_basic, mainiacjoe_overflow_catwalk
D:9:      layout_irregular_city, nicolae_qazlal_scattered_showers,
          mainiacjoe_overflow_alcove_1, dancing_weapons_uskayaw,
          lemuel_round_altar, due_lair_maze_entry_diamond, hiddenorc1_lemuel,
          serial_shops, shop, minmay_misc_feat_chi,
          nicolae_shop_i_like_small_books_too, nicolae_twisty_statue_hallways,
          uniq_erica
D:10:     cheibrodos_statue_roulette, layout_basic, fedhas_altar_4,
          overflow_temple_1_default, nicolae_ru_awakened_eye
D:11:     giant_chief_lemuel, layout_basic, gammafunk_ghost_hydra_chop,
          serial_shops, kennysheep_mini_moat, nicolae_shop_industrial_runoff,
          shop, minmay_the_grid_square_5x5_3x3_mashed
          [minmay_the_grid_square_5x5_tie, minmay_the_grid_square_5x5_percent,
          minmay_the_grid_square_5x5_fat_x,
          minmay_the_grid_square_5x5_checkered_statues,
          minmay_the_grid_square_5x5_megaprize_checkered,
          minmay_the_grid_square_5x5_pentomino_r,
          minmay_the_grid_square_5x5_bracketed,
          minmay_the_grid_square_5x5_inner_z, minmay_the_grid_square_5x5_plus],
          uniq_nergalle
D:12:     layout_gridville, nicolae_trove_entry_diagonal
D:13:     gammafunk_the_bubble [the_bubble_gammafunk_split], layout_basic,
          grunt_vaults_entry_tiered, jiyva_altar_1, uniq_lodul
D:14:     layout_roguey, minivault_15, minivault_19
D:15:     hangedman_depths_entry_try_elsewhere_first, layout_rooms,
          dreamdust_mushroom_princess, uniq_kirke
Lair:1:   layout_long_grid, chequers_serial_rivers_large_b
Lair:2:   layout_roguey, elwin_shoals_entry_rooms,
          minmay_snake_entry_guardpost_medium
Lair:3:   layout_regular_city, portal_ice_cave_entry_pillars_2, uniq_fannar,
          uniq_prince_ribbit2
Lair:4:   nzn_winding_woodlands_medium [nzn_winding_woodlands_5x5_checkerboard,
          nzn_winding_woodlands_5x15_jagged,
          nzn_winding_woodlands_5x5_open_star, nzn_winding_woodlands_hourglass,
          nzn_winding_woodlands_center_diamonds,
          nzn_winding_woodlands_5x5_perimeter, nzn_winding_woodlands_5x5_three,
          nzn_winding_woodlands_5x15_pathside_ponds,
          nzn_winding_woodlands_5x5_closed_star], layout_concentric_octagons
Lair:5:   gammafunk_lair_ancient_temple, layout_regular_city, slime_entry_1,
          ebering_ghost_inner_flame
Shoals:1: layout_shoals, nicolae_splish_splash
Shoals:2: layout_shoals, uniq_polyphemus, uniq_ilsuiw, uniq_louise, uniq_roxanne
Shoals:3: layout_shoals, serial_shops, shop
Shoals:4: shoals_end_grunt_ice, layout_shoals, uniq_bai_suzhen
Snake:1:  layout_misc_corridors, uniq_aizul
Snake:2:  layout_honeycomb, minmay_shop_grove
Snake:3:  layout_cave_shapes, basic_altar, uniq_saint_roka
Snake:4:  snake_pit_salamanders_mu, layout_misc_corridors, minmay_shoptagon,
          serial_bayou_shore_a
Slime:1:  layout_caves, amcnicky_altar_lugonu_corruption
Slime:2:  layout_caves
Slime:3:  layout_caves
Slime:4:  layout_caves
Slime:5:  slime_pit_nicolae_inversion
Orc:1:    layout_diamond_mine, uniq_erolcha
Orc:2:    pubby_orc_utopia, serial_shops
Vaults:1: nicolae_vaults_little_squares_3, nicolae_vaults_stairing_the_circle,
          nicolae_vaults_mitosis, nicolae_vaults_storing_the_good_stuff,
          vaults_room_ringed_pool, nicolae_vaults_specimen_jars,
          nicolae_vaults_disjoint_gnomons, nicolae_vaults_little_ls,
          nicolae_vaults_what_the_h, ontoclasm_vaults_hangar,
          nicolae_vaults_ellipses_ellipsis, ontoclasm_vaults_chip,
          nicolae_vaults_variable_pillar_hall,
          nicolae_vaults_storage_room_statues, nicolae_vaults_double_plus_1,
          layout_vaults_maze_bifur
Vaults:2: nicolae_vaults_tetromino_L_1, vaults_mumra_lcd,
          hangedman_vaults_nodes, minmay_crypt_entry_necro_gods,
          nicolae_vaults_diamond_1, grunt_vaults_diagonal, vaults_room_pool,
          nicolae_vaults_sesquioval_fish, nicolae_vaults_closet_pinwheel_1,
          layout_vaults_omnigrid
Vaults:3: v_misc_11, v_alt_pattern_6, nicolae_vaults_offset_grid_hallway_1,
          dpeg_vaults_waves, vaults_room_grunt_arrival_checkpoint,
          hangedman_vaults_restitches, v_misc_29,
          nicolae_vaults_storage_room_water, nicolae_vaults_network_star,
          layout_vaults_chaotic_city, serial_shops, bzr_entry_water,
          nicolae_shop_crystal, nicolae_shop_statue_plus, nicolae_shop_trees,
          uniq_mennas, uniq_zenata
Vaults:4: nicolae_vaults_security_offices_3, v_misc_5,
          nicolae_vaults_offset_grid_hallway_1,
          nicolae_vaults_closet_pinwheel_2, v_rooms_3, hangedman_vaults_cutoff,
          nicolae_vaults_little_squares_4, nicolae_vaults_storage_closets_2,
          nicolae_vaults_spaceships, ontoclasm_vaults_bender,
          nicolae_vaults_angled_halls, nicolae_vaults_ring_of_whatevers,
          grunt_vaults_focal, nicolae_vaults_diamond_2,
          nicolae_vaults_diamond_1, layout_vaults_omnicross, uniq_donald,
          uniq_frederick, uniq_jory
Vaults:5: serial_shops
Depths:1: layout_gridville, hangedman_abyss_entry_splay, hell_entry,
          hangedman_decor_push, ebering_dispersal_statue_hall,
          nicolae_shop_dragon_depot, hellmonk_scarab_ruin
Depths:2: hangedman_arrow_trap, layout_cave_pools, rand_demon_pan_entry_3,
          hell_entry, infiniplex_staircase_spiral_double
Depths:3: kennysheep_snake, layout_gridville, grunt_hell_entry_dis_old,
          serial_sigils_hangedman_scratch, abyss_entry,
          minmay_staircase_windowed_large, firewood_loft
Depths:4: evilmike_zot_entry_round, layout_long_grid, enter_ziggurat_d,
          nicolae_kite_square_tiling_tiny, abyss_entry, serial_shops, shop,
          hangedman_coc_ice_floe, grunt_ministairs_14
Zot:1:    layout_misc_corridors, ebering_ghost_xom, grunt_ministairs_8,
          st_stairs_14

Skill      XL: |  1  2  3  4  5  6  7  8  9 10 11 12 13 14 15 16 17 18 19 20 21 22 23 24 25 |
---------------+----------------------------------------------------------------------------+-----
Fighting       | 1 2 4 6 8 10 11 14 15 | 15.2
Spellcasting   | 3 4 5 7 11 12 14 15 17 19 20 21 22 | 22.5
Ice Magic      | 5 6 7 8 |  8.0
Invocations    | 2 4 6 7 8 10 | 10.0
Dodging        | 2 4 5 6 7 9 10 11 13 | 13.0
Summonings     | 2 5 6 10 | 10.0
Earth Magic    | 1 5 7 11 13 16 18 19 20 21 22 25 27 | 27.0
Evocations     | 3 5 6 8 9 10 | 10.0
Conjurations   | 6 10 12 13 | 13.0
Transmutations | 5 6 |  6.0
Shields        | 6 12 | 12.0
Armour         | 5 8 |  8.9
Stealth        | |  2.4

Action                     |  1- 3 |  4- 6 |  7- 9 | 10-12 | 13-15 | 16-18 | 19-21 | 22-24 | 25-27 || total
---------------------------+-------+-------+-------+-------+-------+-------+-------+-------+-------++-------
  Melee: Short sword       |    15 |     6 |       |       |       |       |       |       |       ||    21
         Punch             |     1 |       |     1 |     1 |     3 |       |       |       |       ||     6
         Rapier            |       |    16 |       |       |    17 |     8 |       |       |       ||    41
         Falchion          |       |    14 |    64 |       |       |       |       |       |       ||    78
         Scimitar          |       |       |       |    80 |    43 |       |       |       |       ||   123
         Staff             |       |       |       |       |   119 |    57 |    27 |    15 |    21 ||   239
  Throw: Throwing net      |       |       |       |       |       |       |       |       |     1 ||     1
   Cast: Freeze            |    51 |    89 |    27 |     8 |     2 |     1 |       |       |       ||   178
         Frozen Ramparts   |       |     7 |    30 |    22 |     5 |       |       |       |       ||    64
         Ozocubu's Armour  |       |       |     2 |     5 |     1 |       |       |       |       ||     8
         Summon Ice Beast  |       |       |     1 |    14 |     3 |       |       |       |       ||    18
         Lee's Rapid Decon |       |       |       |    13 |   195 |   107 |    49 |     1 |     9 ||   374
         Bombard           |       |       |       |       |    21 |   369 |   255 |   106 |    54 ||   805
         Leda's Liquefacti |       |       |       |       |       |     3 |     1 |       |       ||     4
         Irradiate         |       |       |       |       |       |     2 |     3 |     2 |       ||     7
         Shatter           |       |       |       |       |       |       |    71 |   150 |    40 ||   261
         Spellforged Servi |       |       |       |       |       |       |       |     1 |     7 ||     8
 Invoke: Ancestor Identity |       |       |     2 |       |       |       |       |       |       ||     2
         Recall Ancestor   |       |       |     3 |     3 |     8 |     5 |    11 |     7 |     3 ||    40
         Ancestor Life: Ba |       |       |     1 |       |       |       |       |       |       ||     1
         Idealise          |       |       |       |     1 |     1 |     2 |     4 |     1 |       ||     9
Ability: Dig               |       |       |       |       |     1 |       |       |     1 |     1 ||     3
  Evoke: Wand              |       |       |    18 |    12 |    12 |     2 |       |     1 |     2 ||    47
         Phantom mirror    |       |       |       |       |       |     1 |     1 |       |       ||     2
         Phial of floods   |       |       |       |       |       |       |     1 |       |       ||     1
         Tin of tremorston |       |       |       |       |       |       |       |       |     1 ||     1
    Use: Scroll            |       |     7 |     2 |     5 |     7 |     9 |     3 |     3 |     3 ||    39
         Potion            |       |     3 |     2 |     6 |     3 |     2 |     7 |       |     5 ||    28
   Stab: Sleeping          |       |     2 |     1 |     1 |       |       |       |       |       ||     4
         Distracted        |       |       |     3 |     1 |     3 |       |     1 |       |     1 ||     9
         Paralysed         |       |       |       |       |    29 |       |       |       |       ||    29
         Petrified         |       |       |       |       |       |       |     1 |       |       ||     1
 Armour: Robe              |    20 |    66 |    45 |       |       |       |       |       |    19 ||   150
         Skin              |       |       |    36 |     7 |       |       |       |       |       ||    43
         Steam dragon scal |       |       |       |   105 |    58 |       |       |       |       ||   163
         Troll leather arm |       |       |       |       |   140 |   156 |   199 |   108 |    43 ||   646
  Dodge: Dodged            |    28 |    71 |    58 |   126 |   169 |   138 |   113 |    39 |    39 ||   781
  Block: Buckler           |       |       |       |       |       |    26 |    28 |    14 |    14 ||    82
         Kite shield       |       |       |       |       |       |       |       |       |     2 ||     2

Table legend: (Time is in decaauts)
 A = Elapsed time spent in this place.
 B = Non-inter-level travel time spent in this place.
 C = Inter-level travel time spent in this place.
 D = Time resting spent in this place.
 E = Time spent auto-exploring this place.
 F = Levels seen in this place.
 G = Mean time per level.
                   A        B        C        D        E       F      G
               +--------+--------+--------+--------+--------+-----+--------+
         Total |  52048 |  47457 |   4591 |  13617 |  22463 |  47 | 1107.4 |
       Dungeon |  18783 |  16952 |   1831 |   5028 |   7805 |  15 | 1252.2 |
          Lair |   7321 |   6577 |    744 |   2380 |   2950 |   5 | 1464.2 |
        Shoals |   4905 |   4589 |    316 |   1455 |   1925 |   4 | 1226.2 |
     Snake Pit |   4919 |   4575 |    344 |   1252 |   2238 |   4 | 1229.8 |
    Slime Pits |   1430 |   1353 |     77 |    286 |    508 |   5 |  286.0 |
  Orcish Mines |   2312 |   2075 |    237 |    347 |   1178 |   2 | 1156.0 |
        Vaults |   5958 |   5687 |    271 |   1351 |   3159 |   5 | 1191.6 |
        Depths |   5069 |   4306 |    763 |   1065 |   2316 |   4 | 1267.2 |
           Zot |     88 |     83 |      5 |      0 |      0 |   1 |   88.0 |
        Bazaar |     85 |     85 |      0 |      0 |     51 |   1 |   85.0 |
      Ice Cave |   1173 |   1173 |      0 |    453 |    331 |   1 | 1173.0 |
               +--------+--------+--------+--------+--------+-----+--------+

Top non-repeatable levels by time:
    D:11: 3520 daAuts
    D:13: 2191 daAuts
  Lair:4: 2004 daAuts
    D:10: 1904 daAuts
   Orc:2: 1793 daAuts
 Snake:4: 1711 daAuts
Vaults:4: 1687 daAuts
Depths:3: 1681 daAuts
Vaults:3: 1546 daAuts
  Lair:2: 1473 daAuts
  Lair:1: 1460 daAuts
Shoals:2: 1447 daAuts
     D:9: 1399 daAuts
Vaults:2: 1377 daAuts
Shoals:1: 1374 daAuts
